 Dungeon Crawl Stone Soup version 0.28.0-47-ge53b351184 (webtiles) character file.

Game seed: 132021297247250366

219 Bamboolord the Skirmisher (level 5, -9/42 HPs)
             Began as a Demonspawn Abyssal Knight on May 8, 2022.
             Was a Believer of Lugonu.
             Mangled by an ogre
             ... wielding a +0 giant club
              (27 damage)
             ... on level 4 of the Dungeon.
             The game lasted 00:06:58 (3489 turns).

Bamboolord the Skirmisher (DsAK)                    Turns: 3489, Time: 00:06:59

Health: -9/42      AC: 12    Str: 16    XL:     5   Next: 64%
Magic:  6/6        EV:  4    Int: 11    God:    Lugonu [**....]
Gold:   98         SH:  4    Dex: 13    Spells: 4/4 levels left

rFire   . . .      SeeInvis .   r - +5 war axe
rCold   . . .      Faith    .   m - +0 buckler
rNeg    . . .      Spirit   .   d - +0 plate armour
rPois   .          Reflect  .   (no helmet)
rElec   .          Harm     .   n - +0 cloak
rCorr   .          Rampage  .   (no gloves)
Will    .....                   (no boots)
Stlth   ..........              (no amulet)
HPRegen 0.14/turn               k - ring of flight
MPRegen 0.10/turn               (no ring)

@: flying
A: hooves 1, demonic magic 1
a: Renounce Religion, Depart the Abyss, Bend Space


You were on level 4 of the Dungeon.
You worshipped Lugonu.
Lugonu was pleased with you.
You visited 1 branch of the dungeon, and saw 4 of its levels.
You visited the Abyss 1 time.

You collected 98 gold pieces.

Inventory:

Hand Weapons
 r - a +5 war axe (weapon)
Armour
 d - a +0 plate armour (worn)
 f - a scarf of harm
 m - a +0 buckler (worn)
 n - a +0 cloak (worn)
 o - a +0 pair of boots
Jewellery
 k - a ring of flight (left hand)
Wands
 q - a wand of acid (7)
Scrolls
 a - a scroll of fear {unknown}
 e - 2 scrolls of amnesia {unknown}
 g - a scroll of identify {unknown}
 i - 2 scrolls of teleportation {unknown}
 l - a scroll of magic mapping {unknown}
 p - 2 scrolls of blinking {unknown}
Potions
 b - 2 potions of degeneration {unknown}
 c - 2 potions of brilliance {unknown}
 h - a potion of curing {unknown}
 j - a potion of attraction {unknown}
 s - a potion of mutation {unknown}


   Skills:
 * Level 4.2 Fighting
 * Level 3.8 Axes
 + Level 2.5 Armour
 + Level 1.2 Dodging
 * Level 1.1 Shields
 + Level 2.6 Invocations


You had 4 spell levels left.
You didn't know any spells.
Your spell library was empty.

Dungeon Overview and Level Annotations

Branches:
Dungeon (4/15)
 Temple: D:4-7

Altars:
Wu Jian

Shops:
D:2 :


Innate Abilities, Weirdness & Mutations

You have large cloven feet.
Spells you cast may paralyse adjacent enemies.


Message History

Found a stone staircase leading up.
You reach down and open the door.
There is an open door here.
Found a stone staircase leading down.
A ball python comes into view.
The ball python hisses angrily.
A ball python is nearby!
A ball python is nearby!
You closely miss the ball python. Your kick misses the ball python.
The ball python bites you but does no damage.
The ball python grabs you. The ball python constricts you.
A ball python is nearby!
You closely miss the ball python. Your kick misses the ball python.
You block the ball python's attack. The ball python constricts you.
The ball python bites you but does no damage.
The ball python constricts you.
You slash the ball python!
You kill the ball python!
Lugonu accepts your kill.
No target in view!
No target in view!
You reach down and open the door.
Found a runed morningstar.
There is an open door here.
An ogre comes into view. It is wielding a +0 giant club.
An ogre is nearby!
An ogre is nearby!
The ogre hits you with a +0 giant club!!
You hit the ogre. You kick the ogre.
The ogre is moderately wounded.
The ogre hits you with a +0 giant club!!
* * * LOW HITPOINT WARNING * * *
You see here a +3 morningstar.
There is an open door here.
You see here a ball python corpse.
There is an open door here.
You see here a +0 dagger.
The ogre hits you with a +0 giant club!!
Ouch! That really hurt!
You die...

#.#...######.###+#+##.
#.#####....#..##.# ..
#..........+.....####.
####.......##.........
#+#+#####.....<.##..######.
................##.........
#...........)..###.######.
+..............# #..# #.
#.......O@.....####.#####.
#..............+........+.
#..............#####.####.
#...........#### #..# #.
#...........# ##.# #.
#...........# #.# #.
#######....# #.# #. #....#
#######'###' #....#
..........).


You could see an ogre.

Vanquished Creatures
  An orc priest (D:4)
  A jelly (D:4)
  2 orc wizards (D:4)
  An adder (D:2)
  An adder skeleton (D:4)
  5 worms
  A dart slug (D:2)
  6 orcs (D:4)
  6 bats
  12 endoplasms
  A giant cockroach (D:2)
  7 hobgoblins
  2 quokkas
  7 ball pythons
  A frilled lizard (D:2)
  8 goblins
  5 kobolds
  6 rats
73 creatures vanquished.

Notes
Turn   | Place    | Note
-------+----------+-------------------------------------------
     0 | Abyss:1  | Bamboolord the Demonspawn Abyssal Knight began the quest
                  | for the Orb.
     0 | Abyss:1  | Reached XP level 1. HP: 18/18 MP: 2/2
     0 | D:1      | Escaped the Abyss
   202 | D:1      | Reached skill level 1 in Dodging
   219 | D:1      | Gained mutation: You have large cloven feet. [demonic
                  | ancestry]
   219 | D:1      | Reached XP level 2. HP: 11/24 MP: 3/3
   437 | D:1      | Found a faded altar of an unknown god.
   473 | D:1      | Reached * piety under Lugonu
   991 | D:2      | Reached XP level 3. HP: 22/29 MP: 4/4
  1146 | D:2      | You fall into a shaft and drop 1 floor!
  1450 | D:2      | Found an ornate altar of the Wu Jian Council.
  1709 | D:2      | Found Hikkoqom's Book Boutique.
  1752 | D:2      | Gained mutation: Spells you cast may paralyse adjacent
                  | enemies. [demonic ancestry]
  1752 | D:2      | Reached XP level 4. HP: 37/37 MP: 5/5
  2396 | D:3      | Reached ** piety under Lugonu
  2620 | D:3      | Identified the +5 spear "Goblinslayer" {holy, rPois rC+
                  | MP+9 Str-2}
  2675 | D:4      | Reached skill level 4 in Fighting
  2698 | D:4      | Reached XP level 5. HP: 41/42 MP: 6/6
  3065 | D:3      | Reached skill level 1 in Shields
  3385 | D:4      | Noticed an ogre
  3489 | D:4      | Mangled by an ogre

Illustrated notes

Levels and vault maps discovered:
D:1:      dpeg_arrival_arbitrary_a, layout_rooms,
          shapermc_ecumenical_altar_mp_highgroup
D:2:      layout_loops_ring, serial_shops, shop, basic_altar
D:3:      layout_rooms
D:4:      layout_basic, worldfamousw_hep_ancestral_shrine, minmay_diced_spiral

Skill      XL: |  1  2  3  4  5 |
---------------+----------------+-----
Dodging        | 1 |  1.2
Axes           | 2 3 |  3.8
Armour         | 2 |  2.5
Fighting       | 4 |  4.2
Shields        | 1 |  1.1
Invocations    | |  2.6

Action                   |  1- 3 |  4- 6 || total
-------------------------+-------+-------++-------
Melee: Hand axe          |   107 |    76 ||   183
       Kick              |    29 |    18 ||    47
       Punch             |     1 |       ||     1
       War axe           |       |     6 ||     6
Invok: Depart the Abyss  |     1 |       ||     1
Armor: Leather armour    |    11 |       ||    11
       Plate armour      |    47 |    57 ||   104
Dodge: Dodged            |    37 |     6 ||    43
Block: Buckler           |       |    10 ||    10
